Map: Lerilak Crest

Players

AiLillekanin (Lillekanin) - Winner!

  • Race: Terran Terran
  • League: Master

Probe

  • Race: Protoss Protoss
  • League: Master

Event: DreamHack ZOWIE Open Leipzig

VOD

Have the link to the VOD?

Description

Time

  • Played on: Jan. 22, 2016, 11:14 a.m.
  • Length: 8:11

All games in this series

Show
View Real Time Build Order
Export as new Build Order

AiLillekanin Terran - Winner!

Build Orders: 1/1/1, Liberator Opening 

Get SALT Encoding   

  12  0:00  SCV  
  13  0:12  SCV  
  14  0:17  Supply Depot  
  14  0:24  Refinery  
  14  0:28  SCV  
  15  0:42  Barracks  
  15  0:45  SCV  
  16  0:57  SCV  
  17  1:10  SCV  
  18  1:22  SCV  
  19  1:30  Factory  
  19  1:34  Orbital Command  
  19  1:37  Refinery  
  19  1:44  Barracks Reactor  
  19  1:47  Supply Depot  
  19  2:00  SCV  
  20  2:12  SCV  
  21  2:18  Starport  
  21  2:24  SCV  
  21  2:27  Hellion x2  
  26  2:30  Barracks Tech Lab  
  26  2:34  Supply Depot  
  27  2:37  SCV  
  27  2:48  Hellion x2  
  31  2:55  SCV, Medivac  
  34  3:06  Engineering Bay  
  34  3:11  Supply Depot  
  34  3:17  Cyclone  
  37  3:20  Marine  
  37  3:23  Marine  
  39  3:30  Supply Depot  
  39  3:34  Liberator  
  39  3:40  Missile Turret  
  39  3:52  Marine  
  39  3:53  Marine  
  44  4:02  Siege Tank  
  47  4:06  SCV  
  46  4:10  Marine  
  46  4:14  Barracks  
  46  4:15  Marine  
  48  4:28  Marine  
  49  4:32  SCV  
  49  4:34  Siege Tank  
  49  4:35  Liberator  
  51  4:40  Marine  
  51  4:48  Marine  
  52  4:59  Supply Depot  
  55  5:02  Marine  
  55  5:03  Marine  
  55  5:06  Marine  
  58  5:20  Marine  
  59  5:22  SCV, Supply Depot  
  59  5:25  Marine  
  59  5:27  Liberator  
  62  5:33  Siege Tank  
  64  5:43  Marine  
  68  5:51  Marine x2  
  70  6:01  Marine  
  71  6:08  Marine  
  68  6:12  Marine  
  69  6:19  Marine  
  69  6:22  Liberator  
  69  6:24  Siege Tank  
  73  6:26  Marine  
  73  6:30  Marine  
  73  6:32  Bunker  
  75  6:37  Marine  
  79  6:48  Barracks Tech Lab, Marine  
  80  6:59  Marine  
  77  7:06  Marine  
  64  7:12  Marine  
  59  7:23  Marine  
  59  7:27  Siege Tank  
  62  7:33  Bunker  
  62  7:35  Bunker  
  60  7:39  Marine x2  
  61  7:48  Marine  
Show
View Real Time Build Order
Export as new Build Order

Probe Protoss 

Build Orders: 1 Gate Expand, Oracle Opening 

Get SALT Encoding   

  12  0:00  Probe (Chrono Boost)  
  13  0:11  Probe (Chrono Boost)  
  14  0:17  Pylon  
  14  0:22  Probe (Chrono Boost)  
  15  0:35  Probe (Chrono Boost)  
  16  0:36  Gateway  
  16  0:45  Assimilator  
  16  0:46  Probe (Chrono Boost)  
  17  0:56  Probe (Chrono Boost)  
  18  1:07  Probe (Chrono Boost)  
  19  1:19  Nexus  
  19  1:23  Probe (Chrono Boost)  
  20  1:31  Cybernetics Core  
  20  1:35  Probe (Chrono Boost)  
  21  1:40  Assimilator  
  21  1:46  Probe (Chrono Boost)  
  22  1:49  Pylon  
  22  1:56  Probe (Chrono Boost)  
  25  2:08  Mothership Core (Chrono Boost)  
  25  2:15  Adept  
  27  2:22  Warp Gate  
  27  2:26  Probe (Chrono Boost)  
  28  2:31  Probe (Chrono Boost)  
  30  2:37  Probe (Chrono Boost)  
  30  2:41  Probe (Chrono Boost)  
  30  2:42  Adept (Chrono Boost)  
  33  2:47  Probe (Chrono Boost)  
  34  2:51  Probe (Chrono Boost)  
  34  2:54  Pylon  
  34  2:58  Probe, Stargate  
  35  3:05  Probe  
  35  3:08  Adept (Chrono Boost)  
  35  3:10  Probe  
  39  3:16  Probe  
  40  3:22  Probe  
  40  3:26  Probe  
  41  3:31  Adept (Chrono Boost)  
  41  3:34  Probe, Pylon  
  44  3:40  Oracle (Chrono Boost)  
  44  3:41  Probe  
  48  3:47  Probe  
  46  3:51  Probe  
  47  4:00  Probe  
  47  4:02  Probe  
  49  4:12  Probe x2, Phoenix (Chrono Boost)  
  53  4:19  Gateway  
  53  4:21  Gateway  
  52  4:24  Probe x2, Pylon  
  54  4:35  Probe  
  54  4:36  Probe  
  54  4:37  Phoenix (Chrono Boost)  
  58  4:48  Probe  
  58  4:50  Gateway  
  58  4:51  Gateway  
  59  4:53  Twilight Council  
  59  4:59  Probe, Phoenix (Chrono Boost)  
  61  5:00  Probe  
  61  5:02  Assimilator  
  61  5:04  Assimilator  
  63  5:15  Adept  
  65  5:21  Gateway  
  65  5:23  Gateway  
  65  5:25  Adept x2  
  69  5:37  Pylon  
  69  5:40  Pylon  
  69  5:42  Pylon  
  69  5:46  Phoenix (Chrono Boost)  
  69  5:47  Adept  
  70  5:51  Pylon  
  70  5:53  Pylon  
  70  5:54  Pylon  
  70  5:56  Pylon  
  70  5:59  Adept  
  70  6:02  Adept  
  72  6:12  Adept x3  
  78  6:21  Adept  
  78  6:22  Adept x2  
  84  6:35  Phoenix (Chrono Boost)  
  86  6:40  Adept x3  
  92  6:50  Adept x2  
  92  6:51  Adept  
  98  7:00  Adept x2  
  98  7:01  Adept  
  62  7:11  Adept x3  
  64  7:19  Adept  
  64  7:24  Phoenix (Chrono Boost)  
  64  7:25  Adept x2  
  66  7:34  Adept x2  
  57  7:46  Adept x2  
  43  7:58  Adept x2  

Tags
 
Add a new tag
Caveats
  • Supply blocks, unpowered buildings, or Contaminate may cause inaccurate times.
  • Supply counts are checked every 10 seconds.